[ AOE2 MATCH · #505307085 ]
UnrankedSpanish vs Dravidians
Player's team · WIN
Rival team · LOSS
[ REPLAY ANALYSIS · EXTRACTED FROM THE RECORDED GAME ]
Feudal
14:53
Castle
20:30
Imperial
—
| APM avg | 66.1 |
| APM peak | 94 |
| eAPM avg | 31.7 |
| Villagers / military | 59 / 30 |
Focus
⚔️ 52.5% · 🌾 47.5%
Militia ×9 · Skirmisher ×9 · Mangonel ×6 · Conquistador ×6
Feudal
11:04
Castle
22:08
Imperial
—
| APM avg | 62.4 |
| APM peak | 96 |
| eAPM avg | 29.7 |
| Villagers / military | 63 / 37 |
Focus
⚔️ 35.0% · 🌾 65.0%
Archer ×12 · Skirmisher ×12 · Militia ×9 · Monk ×2 · Mangonel ×2
Match map
Initial resources + every placement click. Lines = walls · curves = elevation contours. ◆ gold · ⬟ stone · ● berries · ✦ relic · ◌ wall gap
Your base· Open — 3t gap
Oni.FeAge's base· Open — 4t gap
Smoothed initial terrain · ◌ = detected wall gap · hover for details
Inputs per minute
— TAG_Sitaux - - Oni.FeAge
Build order — TAG_Sitaux
First 150 of 178 actions detected
| 0:00 | Create | Villager (Male) |
| 0:01 | Build | House |
| 0:02 | Build | House |
| 0:12 | Create | Villager (Male) |
| 0:16 | Create | Villager (Male) |
| 0:19 | Create | Villager (Male) |
| 0:20 | Create | Villager (Male) |
| 1:27 | Create | Villager (Male) |
| 1:27 | Create | Villager (Male) |
| 1:46 | Create | Villager (Male) |
| 1:46 | Create | Villager (Male) |
| 1:51 | Build | Lumber Camp |
| 2:15 | Create | Villager (Male) |
| 2:37 | Create | Villager (Male) |
| 2:37 | Create | Villager (Male) |
| 3:04 | Create | Villager (Male) |
| 3:23 | Create | Villager (Male) |
| 3:23 | Create | Villager (Male) |
| 3:50 | Build | House |
| 3:51 | Build | House |
| 4:00 | Create | Villager (Male) |
| 4:00 | Create | Villager (Male) |
| 4:00 | Create | Villager (Male) |
| 4:34 | Create | Villager (Male) |
| 4:34 | Create | Villager (Male) |
| 5:00 | Build | Barracks |
| 5:03 | Build | Palisade Wall |
| 5:17 | Create | Villager (Male) |
| 5:29 | Research | Loom |
| 5:29 | Research | Loom |
| 5:39 | Build | House |
| 5:44 | Create | Militia |
| 5:44 | Create | Militia |
| 5:44 | Create | Militia |
| 5:58 | Build | Palisade Wall |
| 6:10 | Create | Militia |
| 6:13 | Create | Villager (Male) |
| 6:13 | Create | Villager (Male) |
| 6:19 | Build | Palisade Wall |
| 6:20 | Build | Palisade Wall |
| 6:22 | Build | Palisade Wall |
| 6:23 | Build | Palisade Wall |
| 7:07 | Create | Villager (Male) |
| 7:07 | Create | Villager (Male) |
| 7:16 | Build | Mining Camp |
| 7:24 | Create | Villager (Male) |
| 7:34 | Create | Militia |
| 7:35 | Create | Militia |
| 7:35 | Create | Militia |
| 7:57 | Create | Villager (Male) |
| 8:03 | Create | Militia |
| 8:07 | Build | Mill |
| 8:26 | Build | House |
| 8:35 | Create | Militia |
| 8:42 | Create | Villager (Male) |
| 8:46 | Build | Farm |
| 8:50 | Build | Farm |
| 9:13 | Create | Villager (Male) |
| 9:15 | Build | Farm |
| 9:37 | Create | Villager (Male) |
| 9:45 | Build | Farm |
| 10:03 | Build | Farm |
| 10:04 | Create | Villager (Male) |
| 10:07 | Build | House |
| 10:08 | Build | Palisade Wall |
| 10:09 | Build | Palisade Wall |
| 10:19 | Create | Villager (Male) |
| 10:24 | Build | Palisade Wall |
| 10:25 | Build | Palisade Wall |
| 10:46 | Create | Villager (Male) |
| 10:47 | Build | Farm |
| 11:14 | Build | Farm |
| 11:15 | Create | Villager (Male) |
| 11:26 | Build | Palisade Wall |
| 11:30 | Build | Palisade Wall |
| 11:37 | Create | Villager (Male) |
| 11:38 | Build | Farm |
| 11:40 | Build | Mining Camp |
| 11:59 | Build | House |
| 12:00 | Build | Palisade Wall |
| 12:01 | Build | Palisade Wall |
| 12:10 | Create | Villager (Male) |
| 12:12 | Build | Farm |
| 12:13 | Build | Farm |
| 12:24 | Build | Palisade Wall |
| 12:43 | Research | Feudal Age |
| 12:43 | Research | Feudal Age |
| 13:08 | Build | Palisade Wall |
| 13:09 | Build | Palisade Wall |
| 13:13 | Build | Palisade Wall |
| 13:17 | Build | House |
| 13:23 | Build | Palisade Wall |
| 13:59 | Build | Farm |
| 14:06 | Create | Villager (Male) |
| 14:53 | Age | Feudal Age |
| 14:55 | Create | Villager (Male) |
| 14:57 | Build | Archery Range |
| 15:00 | Research | Man-at-Arms (upgrade) |
| 15:01 | Research | Double-Bit Axe |
| 15:01 | Research | Double-Bit Axe |
| 15:10 | Create | Villager (Male) |
| 15:12 | Build | House |
| 15:13 | Build | Palisade Wall |
| 15:23 | Create | Skirmisher |
| 15:35 | Create | Villager (Male) |
| 15:55 | Build | Blacksmith |
| 15:56 | Create | Skirmisher |
| 16:05 | Create | Villager (Male) |
| 16:14 | Create | Skirmisher |
| 16:36 | Build | Farm |
| 16:49 | Create | Villager (Male) |
| 17:06 | Build | Market |
| 17:25 | Create | Villager (Male) |
| 17:45 | Research | Castle Age |
| 17:45 | Research | Castle Age |
| 17:58 | Create | Skirmisher |
| 18:23 | Create | Skirmisher |
| 18:30 | Research | Fletching |
| 18:46 | Research | Padded Archer Armor |
| 18:46 | Research | Padded Archer Armor |
| 18:57 | Create | Skirmisher |
| 19:13 | Create | Skirmisher |
| 19:19 | Build | Outpost |
| 19:42 | Create | Skirmisher |
| 20:30 | Age | Castle Age |
| 20:38 | Research | Bodkin Arrow |
| 20:41 | Create | Villager (Male) |
| 20:51 | Build | Castle |
| 21:00 | Create | Villager (Male) |
| 21:04 | Research | Bow Saw |
| 21:06 | Build | Palisade Gate |
| 21:20 | Research | Elite Skirmisher (upgrade) |
| 21:20 | Research | Elite Skirmisher (upgrade) |
| 21:26 | Build | Lumber Camp |
| 21:27 | Create | Conquistador |
| 21:49 | Create | Villager (Male) |
| 22:03 | Build | Siege Workshop |
| 22:10 | Create | Conquistador |
| 22:21 | Build | Farm |
| 22:22 | Create | Villager (Male) |
| 22:42 | Build | Outpost |
| 22:43 | Build | Outpost |
| 22:46 | Create | Mangonel |
| 22:51 | Create | Villager (Male) |
| 22:53 | Build | Farm |
| 23:01 | Create | Skirmisher |
| 23:10 | Create | Mangonel |
| 23:24 | Create | Conquistador |
| 23:31 | Build | Outpost |
| 23:35 | Build | Mining Camp |
Build order — Oni.FeAge
First 150 of 181 actions detected
| 0:00 | Create | Villager (Male) |
| 0:01 | Create | Villager (Male) |
| 0:02 | Build | House |
| 0:03 | Build | House |
| 0:04 | Create | Villager (Male) |
| 0:05 | Create | Villager (Male) |
| 1:25 | Create | Villager (Male) |
| 1:25 | Create | Villager (Male) |
| 1:51 | Create | Villager (Male) |
| 1:51 | Create | Villager (Male) |
| 2:23 | Create | Villager (Male) |
| 2:23 | Create | Villager (Male) |
| 2:55 | Create | Villager (Male) |
| 3:07 | Create | Villager (Male) |
| 3:08 | Build | Barracks |
| 3:34 | Create | Villager (Male) |
| 3:41 | Build | House |
| 3:58 | Create | Villager (Male) |
| 4:06 | Create | Militia |
| 4:07 | Create | Militia |
| 4:14 | Research | Loom |
| 4:24 | Create | Militia |
| 4:42 | Create | Villager (Male) |
| 4:53 | Create | Villager (Male) |
| 5:14 | Build | House |
| 5:17 | Build | Lumber Camp |
| 5:20 | Create | Villager (Male) |
| 5:29 | Create | Militia |
| 5:52 | Create | Villager (Male) |
| 6:00 | Create | Villager (Male) |
| 6:21 | Create | Villager (Male) |
| 6:52 | Create | Villager (Male) |
| 7:04 | Build | Mill |
| 7:19 | Build | House |
| 7:35 | Create | Villager (Male) |
| 7:56 | Create | Villager (Male) |
| 8:24 | Create | Villager (Male) |
| 8:48 | Build | Mining Camp |
| 8:54 | Research | Feudal Age |
| 9:02 | Build | House |
| 9:05 | Build | Palisade Gate |
| 9:41 | Create | Militia |
| 9:41 | Create | Militia |
| 10:08 | Create | Militia |
| 10:34 | Build | House |
| 10:38 | Create | Militia |
| 10:51 | Build | Palisade Gate |
| 11:04 | Age | Feudal Age |
| 11:07 | Research | Man-at-Arms (upgrade) |
| 11:07 | Create | Villager (Male) |
| 11:08 | Create | Villager (Male) |
| 11:15 | Build | Archery Range |
| 11:24 | Create | Villager (Male) |
| 11:39 | Build | Mill |
| 11:47 | Create | Villager (Male) |
| 11:51 | Build | Farm |
| 11:59 | Build | Farm |
| 12:08 | Build | House |
| 12:10 | Create | Archer |
| 12:13 | Build | Farm |
| 12:15 | Build | House |
| 12:20 | Create | Archer |
| 12:22 | Build | House |
| 12:25 | Build | House |
| 12:28 | Create | Villager (Male) |
| 12:28 | Create | Villager (Male) |
| 12:29 | Build | Palisade Wall |
| 12:33 | Build | House |
| 12:34 | Build | Palisade Wall |
| 12:35 | Build | Farm |
| 12:41 | Create | Archer |
| 12:52 | Build | Farm |
| 13:02 | Create | Villager (Male) |
| 13:02 | Create | Villager (Male) |
| 13:22 | Build | Farm |
| 13:31 | Create | Militia |
| 13:38 | Create | Villager (Male) |
| 13:38 | Create | Villager (Male) |
| 13:44 | Create | Villager (Male) |
| 13:45 | Create | Villager (Male) |
| 13:49 | Build | Farm |
| 13:52 | Create | Archer |
| 14:05 | Build | Blacksmith |
| 14:11 | Build | Farm |
| 14:12 | Create | Villager (Male) |
| 14:16 | Build | Palisade Wall |
| 14:26 | Build | House |
| 14:29 | Create | Archer |
| 14:41 | Research | Double-Bit Axe |
| 14:41 | Research | Double-Bit Axe |
| 14:46 | Create | Archer |
| 14:59 | Create | Villager (Male) |
| 15:06 | Create | Villager (Male) |
| 15:13 | Build | Farm |
| 15:36 | Research | Fletching |
| 15:44 | Create | Villager (Male) |
| 15:46 | Build | Farm |
| 15:46 | Create | Archer |
| 15:52 | Create | Villager (Male) |
| 16:03 | Build | House |
| 16:04 | Build | Farm |
| 16:10 | Create | Skirmisher |
| 16:20 | Build | Farm |
| 16:20 | Create | Villager (Male) |
| 16:25 | Build | House |
| 16:29 | Build | Palisade Wall |
| 16:41 | Build | Market |
| 16:44 | Create | Villager (Male) |
| 16:51 | Build | Farm |
| 16:55 | Create | Skirmisher |
| 17:10 | Create | Villager (Male) |
| 17:12 | Build | Palisade Wall |
| 17:22 | Create | Skirmisher |
| 17:35 | Build | Palisade Wall |
| 17:48 | Create | Villager (Male) |
| 17:54 | Build | House |
| 17:55 | Create | Skirmisher |
| 18:08 | Build | Palisade Gate |
| 18:12 | Create | Villager (Male) |
| 18:30 | Build | House |
| 18:35 | Create | Archer |
| 18:39 | Build | House |
| 18:41 | Build | House |
| 18:48 | Create | Villager (Male) |
| 18:57 | Build | Lumber Camp |
| 19:01 | Build | House |
| 19:28 | Research | Castle Age |
| 19:34 | Build | Archery Range |
| 19:38 | Build | House |
| 19:38 | Create | Archer |
| 19:39 | Create | Archer |
| 19:59 | Research | Padded Archer Armor |
| 20:06 | Create | Archer |
| 20:06 | Create | Archer |
| 20:51 | Create | Skirmisher |
| 21:06 | Create | Skirmisher |
| 21:14 | Create | Skirmisher |
| 21:27 | Create | Skirmisher |
| 21:55 | Create | Skirmisher |
| 22:03 | Build | House |
| 22:08 | Age | Castle Age |
| 22:10 | Build | Town Center |
| 22:11 | Research | Elite Skirmisher (upgrade) |
| 22:12 | Research | Bodkin Arrow |
| 22:12 | Research | Bodkin Arrow |
| 22:13 | Create | Villager (Male) |
| 22:18 | Create | Villager (Male) |
| 22:23 | Build | Lumber Camp |
| 22:27 | Create | Villager (Male) |
| 22:31 | Create | Skirmisher |
Match timeline
| 3:08 | Oni.FeAge · first_building Barracks |
| 5:00 | TAG_Sitaux · first_building Barracks |
| 5:03 | TAG_Sitaux · wall_segment Palisade Wall x1 |
| 5:58 | TAG_Sitaux · wall_segment Palisade Wall x5 |
| 6:19 | TAG_Sitaux · wall_segment Palisade Wall x1 |
| 6:20 | TAG_Sitaux · wall_segment Palisade Wall x1 |
| 6:22 | TAG_Sitaux · wall_segment Palisade Wall x1 |
| 6:23 | TAG_Sitaux · wall_segment Palisade Wall x1 |
| 10:08 | TAG_Sitaux · wall_segment Palisade Wall x5 |
| 10:09 | TAG_Sitaux · wall_segment Palisade Wall x8 |
| 10:24 | TAG_Sitaux · wall_segment Palisade Wall x8 |
| 10:25 | TAG_Sitaux · wall_segment Palisade Wall x8 |
| 11:04 | Oni.FeAge · age_up feudal |
| 11:15 | Oni.FeAge · first_building Archery Range |
| 11:26 | TAG_Sitaux · wall_segment Palisade Wall x10 |
| 11:30 | TAG_Sitaux · wall_segment Palisade Wall x1 |
| 12:00 | TAG_Sitaux · wall_segment Palisade Wall x1 |
| 12:01 | TAG_Sitaux · wall_segment Palisade Wall x6 |
| 12:24 | TAG_Sitaux · wall_segment Palisade Wall x1 |
| 12:29 | Oni.FeAge · wall_segment Palisade Wall x1 |
| 12:34 | Oni.FeAge · wall_segment Palisade Wall x1 |
| 13:08 | TAG_Sitaux · wall_segment Palisade Wall x1 |
| 13:09 | TAG_Sitaux · wall_segment Palisade Wall x1 |
| 13:13 | TAG_Sitaux · wall_segment Palisade Wall x5 |
| 13:23 | TAG_Sitaux · wall_segment Palisade Wall x1 |
| 14:16 | Oni.FeAge · wall_segment Palisade Wall x6 |
| 14:53 | TAG_Sitaux · age_up feudal |
| 14:57 | TAG_Sitaux · first_building Archery Range |
| 15:13 | TAG_Sitaux · wall_segment Palisade Wall x7 |
| 16:29 | Oni.FeAge · wall_segment Palisade Wall x8 |
| 17:12 | Oni.FeAge · wall_segment Palisade Wall x12 |
| 17:35 | Oni.FeAge · wall_segment Palisade Wall x1 |
| 17:39 | TAG_Sitaux · first_market_buy 100 food |
| 17:57 | Oni.FeAge · first_market_buy 100 food |
| 17:58 | Oni.FeAge · first_market_sell 100 wood |
| 20:30 | TAG_Sitaux · age_up castle |
| 20:51 | TAG_Sitaux · first_building Castle |
| 21:19 | TAG_Sitaux · first_market_sell 100 stone |
| 22:03 | TAG_Sitaux · first_building Siege Workshop |
| 22:08 | Oni.FeAge · age_up castle |
| 23:28 | Oni.FeAge · first_building Monastery |
| 24:34 | Oni.FeAge · first_building Siege Workshop |
| 27:26 | Oni.FeAge · resign |
[ AI ANALYSIS · 1 CREDIT ]
What really happened in this match?
Wolo.gg analyzes every decision: build order, eco, micro, common mistakes by bracket. Personalized analysis on WhatsApp or Discord in 30 seconds.
Civ guide
Spanish
Perfil
Jugador #212721